 Dungeon Crawl Stone Soup version 0.25-a0-834-g55863b0b92 (webtiles) character file.

Game seed: 3452318201547711963, levelgen mode: deterministic

30741 MisterFreud the Carver (level 13, -4/104 HPs)
             Began as a Gnoll Fighter on Apr 22, 2020.
             Was an Elder of Ashenzari.
             Killed from afar by an ice statue (22 damage)
             ... with a bolt of cold
             ... in an ice cave.
             The game lasted 00:32:27 (17771 turns).

MisterFreud the Carver (Gnoll Fighter)             Turns: 17771, Time: 00:32:27

Health: -4/104     AC: 17    Str: 21    XL:     13   Next: 53%
Magic:  0/25       EV: 10    Int: 14    God:    Ashenzari [****..]
Gold:   958        SH: 14    Dex: 14    Spells: 28/28 levels left

rFire    + . .     SeeInvis +   I - +3 dagger (venom) (curse)
rCold    . . .     Gourm    .   c - +1 kite shield (curse)
rNeg     . . .     Faith    .   F - +0 plate armour
rPois    +         Spirit   +   b - +1 hat
rElec    .         Reflect  .   O - scarf {Spirit}
rCorr    .         Harm     .   H - +0 pair of gloves
MR       .....     Clarity  +   (no boots)
Stlth    ..........             (no amulet)
HPRegen  0.27/turn              s - ring of poison resistance
MPRegen  0.19/turn              K - ring of protection from fire

@: studying Long Blades
A: distributed training, fangs 1, strong nose
a: Curse Item, Scrying, Renounce Religion


You were in an ice cave.
You worshipped Ashenzari.
Ashenzari was greatly pleased with you.
You were not hungry.

You visited 2 branches of the dungeon, and saw 13 of its levels.
You also visited: Ice Cave.

You collected 958 gold pieces.

Inventory:

Hand Weapons
 a - a +0 rapier
 I - a cursed +3 dagger of venom (weapon)
Missiles
 o - 24 javelins (quivered)
 r - 7 boomerangs
 w - 75 poisoned darts
Armour
 b - a +1 hat (worn)
 c - a cursed +1 kite shield (worn)
 q - a +0 cloak
 F - a +0 plate armour (worn)
 H - a +0 pair of gloves (worn)
 O - a scarf of spirit shield (worn)
 T - +0 fire dragon scales
Jewellery
 s - a ring of poison resistance (left hand)
 K - a ring of protection from fire (right hand)
 M - an uncursed amulet of the gourmand
Wands
 d - a wand of iceblast (29)
 y - a wand of clouds (6)
 D - a wand of digging (11)
 E - a wand of polymorph (23)
 G - a wand of random effects (13)
 L - a wand of flame (92)
 N - a wand of scattershot (3)
 Y - a wand of enslavement (6)
Scrolls
 h - 3 scrolls of random uselessness
 i - 4 scrolls of fog
 l - 10 scrolls of remove curse
 m - 4 scrolls of identify
 n - a scroll of teleportation
 p - a scroll of enchant weapon
 t - a scroll of holy word {unknown}
 A - 3 scrolls of fear
 Q - a scroll of amnesia
 R - a scroll of blinking
 S - a scroll of vulnerability
 U - a scroll of magic mapping {unknown}
 V - a scroll of summoning {unknown}
 W - a scroll of enchant armour
Potions
 e - 5 potions of curing
 g - 2 potions of heal wounds
 j - 3 potions of cancellation
 k - 3 potions of lignification
 u - 5 potions of stabbing
 v - 4 potions of brilliance
 x - 4 potions of degeneration
 z - a potion of berserk rage
 B - a potion of haste
 J - 2 potions of ambrosia
 P - a potion of might
Books
 C - a manual of Long Blades
Comestibles
 f - 38 rations


   Skills:
 + Level 10.5 Fighting
 + Level 9.5(12.8) Short Blades
 + Level 11.3 Long Blades
 + Level 8.2 Axes
 + Level 8.2 Maces & Flails
 + Level 8.2 Polearms
 + Level 8.2 Staves
 + Level 8.2 Slings
 + Level 8.2 Bows
 + Level 8.2 Crossbows
 + Level 8.2 Throwing
 + Level 10.5 Armour
 + Level 8.2 Dodging
 + Level 8.2 Stealth
 + Level 10.5(12.5) Shields
 + Level 8.2 Unarmed Combat
 + Level 8.2 Spellcasting
 + Level 6.8 Conjurations
 + Level 6.8 Hexes
 + Level 6.8 Charms
 + Level 6.8 Summonings
 + Level 6.8 Necromancy
 + Level 6.8 Translocations
 + Level 6.8 Transmutations
 + Level 6.8 Fire Magic
 + Level 6.8 Ice Magic
 + Level 6.8 Air Magic
 + Level 6.8 Earth Magic
 + Level 6.8 Poison Magic
 + Level 9.0 Invocations
 + Level 8.2 Evocations


You had 28 spell levels left.
You didn't know any spells.
Your spell library contained the following spells:

 Spells                   Type           Power        Failure   Level  Hunger
 Foxfire                  Conj/Fire      ####         14%         1    None
 Magic Dart               Conj           ####         14%         1    None
 Shock                    Conj/Air       ####         14%         1    None
 Blink                    Tloc           N/A          22%         2    None
 Call Imp                 Summ           ####....     22%         2    None
 Slow                     Hex            ####....     22%         2    None
 Conjure Flame            Conj/Fire      ####....     41%         3    ##.....
 Mephitic Cloud           Conj/Pois/Air  ####....     41%         3    ##.....
 Hailstorm                Conj/Ice       ####....     82%         4    ####...
 Iskenderun's Mystic Bla  Conj/Tloc      ####....     82%         4    ####...
 Iskenderun's Battlesphe  Conj/Chrm      ####....     99%         5    #####..
 Lightning Bolt           Conj/Air       ####......   99%         5    #####..


Dungeon Overview and Level Annotations

Branches:
Dungeon (12/15)            Temple (0/1) D:4            Lair (1/6) D:11
    Orc (0/2) D:10          IceCv (1/1)

Altars:
Ashenzari
Cheibriados
Elyvilon
Fedhas
Hepliaklqana
Kikubaaqudgha
Nemelex Xobeh
Okawaru
Trog
Vehumet
Xom
Yredelemnul
Zin

Shops:
D:11 ?

Annotations:
IceCv exclusion: ice statue


Innate Abilities, Weirdness & Mutations

Your experience applies equally to all skills.
You have very sharp teeth.
Your uncanny sense of smell can sniff out nearby items.


Message History

The ice statue is lightly damaged.
You hit the ice statue but do no damage.
You bite the ice statue, but do no damage.
The ice statue is lightly damaged.
The ice beast hits you but does no damage.
You block the ice beast's attack.
You hit the ice statue but do no damage.
The ice statue is lightly damaged.
The ice statue gestures at you. The shard of ice hits you!!
* * * LOW HITPOINT WARNING * * *
You hit the ice statue but do no damage.
The ice statue is lightly damaged.
The ice beast hits you but does no damage.
You block the ice beast's attack.
Your plate armour prevents you from hitting the ice statue.
The ice statue is lightly damaged.
The ice statue gestures at you. The bolt of cold hits you!!
You die...

* , #....## , #
##.....## #. #.......##
* ,* #.. ##........# *
,* *≈≈ #.# #........##
### * ≈
#..##.....#...### ##..
#......##.....÷###... ,
≈*##.°Y°.##.......#....
* ≈
##°@.###....##÷...## *
≈≈≈≈
#8Y###....####..### *
≈*##.# #.....* #### ,*
* * ### #....##≈ , ≈ ≈
*#...## ≈ ,, ≈ ≈ ...# *
*≈ * * * * ≈ * * * * *
* *≈ * , ** * **


You could see an ice statue and 2 ice beasts.

Vanquished Creatures
  Gastronok (D:8)
  2 entropy weavers (D:12)
  A fire dragon (D:11)
  An ogre mage (D:12)
  A queen ant (D:12)
  A death knight (D:12)
  2 unseen horrors
  A wizard (D:10)
  Pikel (D:4)
  2 ugly things (D:12)
  A manticore (D:12)
  A cyclops (D:12)
  An elephant (D:11)
  Joseph (D:9)
  A guardian serpent (shapeshifter) (D:12)
  A gargoyle (D:11)
  Psyche (D:9)
  A komodo dragon (Lair:1)
  A kobold demonologist (D:12)
  A troll (D:12)
  4 polar bears (IceCv)
  Grinder (D:5)
  4 hippogriffs
  A vampire (D:12)
  2 wraiths
  A basilisk (D:11)
  23 yaks
  5 hungry ghosts
  A shadow (D:11)
  Menkaure (D:6)
  25 soldier ants
  2 water moccasins
  9 orc warriors
  2 sky beasts
  4 phantoms
  A necrophage (D:8)
  4 ice beasts
  2 black bears
  5 ogres
  3 eyes of draining
  7 wolves
  10 centaurs
  2 crocodiles
  2 big kobolds
  8 bullfrogs
  Blork the orc (D:5)
  9 scorpions
  3 troll zombies (D:10)
  2 wyvern skeletons
  Dowan (D:5)
  7 killer bees
  5 howler monkeys
  11 wights
  7 jellies
  7 crimson imps
  2 bullfrog skeletons (D:12)
  8 orc priests
  A centaur skeleton (D:5)
  8 hounds
  5 iguanas
  8 orc wizards
  24 worker ants
  Terence (D:2)
  5 ogre zombies (D:10)
  3 hound skeletons
  3 worker ant zombies
  13 adders
  4 gnolls (D:5)
  3 shadow imps
  5 oozes (D:8)
  2 adder zombies
  3 worms
  3 dart slugs
  4 leopard geckos
  52 orcs
  8 giant cockroaches
  8 goblins
  10 hobgoblins
  19 jackals
  2 quokkas
  A ball python (D:2)
  5 bats
  2 frilled lizards
  A goblin skeleton (D:10)
  6 goblin zombies (D:10)
  2 hobgoblin zombies (D:10)
  17 kobolds
  A leopard gecko skeleton (D:6)
  A leopard gecko zombie (D:8)
  5 orc skeletons (D:10)
  11 orc zombies (D:10)
  6 rats
467 creatures vanquished.

Vanquished Creatures (others)
  A wizard (D:12)
  A quokka (D:9)
  A fungus (D:11)
3 creatures vanquished.

Grand Total: 470 creatures vanquished

Notes
Turn   | Place    | Note
-------+----------+-------------------------------------------
     0 | D:1      | MisterFreud the Gnoll Fighter began the quest for the Orb.
     0 | D:1      | Reached XP level 1. HP: 23/23 MP: 1/1
   223 | D:1      | Reached XP level 2. HP: 27/29 MP: 2/2
   897 | D:2      | Reached XP level 3. HP: 35/35 MP: 3/3
   912 | D:2      | Found a shattered altar of Ashenzari.
   930 | D:2      | Became a worshipper of Ashenzari the Shackled
   937 | D:2      | Noticed Terence
   951 | D:2      | Killed Terence
   951 | D:2      | Reached skill level 1 in Long Blades
   951 | D:2      | Reached skill level 1 in Axes
   951 | D:2      | Reached skill level 1 in Maces & Flails
   951 | D:2      | Reached skill level 1 in Polearms
   951 | D:2      | Reached skill level 1 in Staves
   951 | D:2      | Reached skill level 1 in Slings
   951 | D:2      | Reached skill level 1 in Bows
   951 | D:2      | Reached skill level 1 in Crossbows
   951 | D:2      | Reached skill level 1 in Throwing
   951 | D:2      | Reached skill level 1 in Dodging
   951 | D:2      | Reached skill level 1 in Stealth
   951 | D:2      | Reached skill level 1 in Unarmed Combat
   951 | D:2      | Reached skill level 1 in Spellcasting
   951 | D:2      | Reached skill level 1 in Invocations
   951 | D:2      | Reached skill level 1 in Evocations
   951 | D:2      | Reached XP level 4. HP: 33/41 MP: 5/5
  1049 | D:2      | Reached skill level 1 in Conjurations
  1049 | D:2      | Reached skill level 1 in Hexes
  1049 | D:2      | Reached skill level 1 in Charms
  1049 | D:2      | Reached skill level 1 in Summonings
  1049 | D:2      | Reached skill level 1 in Necromancy
  1049 | D:2      | Reached skill level 1 in Translocations
  1049 | D:2      | Reached skill level 1 in Transmutations
  1049 | D:2      | Reached skill level 1 in Fire Magic
  1049 | D:2      | Reached skill level 1 in Ice Magic
  1049 | D:2      | Reached skill level 1 in Air Magic
  1049 | D:2      | Reached skill level 1 in Earth Magic
  1049 | D:2      | Reached skill level 1 in Poison Magic
  1099 | D:2      | Found a glowing silver altar of Zin.
  1280 | D:2      | Found an iron altar of Okawaru.
  1371 | D:3      | Reached XP level 5. HP: 45/47 MP: 6/6
  1994 | D:3      | Found a bloodstained altar of Trog.
  2038 | D:3      | Found an iron altar of Okawaru.
  2345 | D:3      | Reached XP level 6. HP: 23/53 MP: 8/8
  2622 | D:4      | Reached skill level 5 in Short Blades
  2622 | D:4      | Reached skill level 2 in Long Blades
  2675 | D:4      | Found a staircase to the Ecumenical Temple.
  2811 | D:4      | Reached * piety under Ashenzari
  2857 | D:4      | Reached XP level 7. HP: 36/59 MP: 10/10
  2904 | D:4      | Noticed Pikel
  2921 | D:4      | Killed Pikel
  2921 | D:4      | Reached skill level 3 in Long Blades
  2921 | D:4      | Reached XP level 8. HP: 10/67 MP: 10/12
  3455 | D:5      | Entered Level 5 of the Dungeon
  3766 | D:5      | Reached skill level 4 in Long Blades
  3855 | D:5      | Noticed Blork the orc
  3875 | D:5      | Killed Blork the orc
  4013 | D:5      | Noticed Dowan
  4065 | D:5      | Killed Dowan
  4261 | D:5      | Found a snail-covered altar of Cheibriados.
  4452 | D:5      | Noticed Grinder
  4477 | D:5      | Paralysed by Grinder for 3 turns
  4484 | D:5      | Killed Grinder
  4484 | D:5      | Reached XP level 9. HP: 67/72 MP: 14/14
  4582 | D:5      | Reached skill level 5 in Long Blades
  4902 | D:6      | Reached ** piety under Ashenzari
  4963 | D:6      | Noticed Menkaure
  6019 | D:7      | Found a sparkling altar of Nemelex Xobeh.
  6057 | D:7      | Reached skill level 6 in Long Blades
  6224 | D:6      | Reached skill level 5 in Invocations
  6623 | D:6      | Killed Menkaure
  6990 | D:6      | Reached XP level 10. HP: 76/80 MP: 17/17
  7267 | D:6      | Found a blossoming altar of Fedhas.
  7267 | D:6      | Found a shimmering altar of Xom.
  7843 | D:8      | Reached skill level 5 in Axes
  7843 | D:8      | Reached skill level 5 in Maces & Flails
  7843 | D:8      | Reached skill level 5 in Polearms
  7843 | D:8      | Reached skill level 5 in Staves
  7843 | D:8      | Reached skill level 5 in Slings
  7843 | D:8      | Reached skill level 5 in Bows
  7843 | D:8      | Reached skill level 5 in Crossbows
  7843 | D:8      | Reached skill level 5 in Throwing
  7843 | D:8      | Reached skill level 5 in Dodging
  7843 | D:8      | Reached skill level 5 in Stealth
  7843 | D:8      | Reached skill level 5 in Unarmed Combat
  7843 | D:8      | Reached skill level 5 in Spellcasting
  7843 | D:8      | Reached skill level 5 in Evocations
  7863 | D:8      | Reached *** piety under Ashenzari
  7915 | D:8      | Found an ancient bone altar of Kikubaaqudgha.
  7938 | D:8      | Found a hazy altar of Hepliaklqana.
  8143 | D:8      | Reached skill level 7 in Long Blades
  8186 | D:8      | Noticed Gastronok
  8595 | D:8      | HP: 4/82 [Gastronok (21)]
  8599 | D:8      | Killed Gastronok
  9260 | D:8      | Reached XP level 11. HP: 38/87 MP: 19/19
  9466 | D:9      | Noticed Joseph
  9502 | D:9      | Killed Joseph
  9502 | D:9      | Reached skill level 8 in Long Blades
  9719 | D:9      | Found a radiant altar of Vehumet.
  9749 | D:9      | Found a basalt altar of Yredelemnul.
 10037 | D:9      | Found a white marble altar of Elyvilon.
 10090 | D:9      | Reached skill level 5 in Conjurations
 10090 | D:9      | Reached skill level 5 in Hexes
 10090 | D:9      | Reached skill level 5 in Charms
 10090 | D:9      | Reached skill level 5 in Summonings
 10090 | D:9      | Reached skill level 5 in Necromancy
 10090 | D:9      | Reached skill level 5 in Translocations
 10090 | D:9      | Reached skill level 5 in Transmutations
 10090 | D:9      | Reached skill level 5 in Fire Magic
 10090 | D:9      | Reached skill level 5 in Ice Magic
 10090 | D:9      | Reached skill level 5 in Air Magic
 10090 | D:9      | Reached skill level 5 in Earth Magic
 10090 | D:9      | Reached skill level 5 in Poison Magic
 10151 | D:9      | Noticed Psyche
 10166 | D:9      | Killed Psyche
 10363 | D:10     | Entered Level 10 of the Dungeon
 10489 | D:10     | Reached **** piety under Ashenzari
 10525 | D:10     | Found a staircase to the Orcish Mines.
 11564 | D:10     | Reached skill level 9 in Long Blades
 12061 | D:10     | Noticed a wizard
 12074 | D:10     | Killed a wizard
 12092 | D:10     | Identified the Tome of the Hurtful Volcanoes
 12238 | D:11     | Found a staircase to the Lair.
 12286 | D:11     | Reached XP level 12. HP: 65/96 MP: 12/22
 12767 | D:11     | Found Orogoiq's Magic Scroll Boutique.
 13163 | D:11     | Noticed a fire dragon
 13209 | D:11     | Killed a fire dragon
 13856 | D:12     | Noticed a queen ant
 13895 | D:12     | Killed a queen ant
 13895 | D:12     | Reached skill level 10 in Long Blades
 14029 | D:12     | Noticed an entropy weaver
 14536 | D:12     | Killed an entropy weaver
 14536 | D:12     | Reached skill level 10 in Fighting
 14536 | D:12     | Reached skill level 10 in Armour
 14536 | D:12     | Reached skill level 10 in Shields
 14957 | D:12     | Reached XP level 13. HP: 69/103 MP: 17/24
 14994 | D:12     | Noticed an entropy weaver
 15071 | D:12     | Killed an entropy weaver
 15881 | D:12     | Noticed an ogre mage
 15883 | D:12     | Paralysed by an ogre mage for 5 turns
 15903 | D:12     | Killed an ogre mage
 15903 | D:12     | Reached skill level 11 in Long Blades
 16078 | D:12     | Found a snail-covered altar of Cheibriados.
 16790 | Lair:1   | Entered Level 1 of the Lair of Beasts
 17101 | Lair:1   | Found a frozen archway.
 17112 | IceCv    | Entered an ice cave
 17771 | IceCv    | Killed from afar by an ice statue

Levels and vault maps discovered:
D:1:      psy_arrival_terrarium, layout_basic, minmay_indecisive_spiral
D:2:      layout_rooms, lemuel_doored_altar, lemuel_round_altar,
          old_standard_altar, uniq_terence
D:3:      layout_basic, bloody_trog, okawaru_gym_becter
D:4:      layout_basic, temple_pool_b, minmay_manual_moon, uniq_pikel
D:5:      layout_basic, cheibriados_altar_1, first_ration,
          minmay_misc_feat_pillars, uniq_blork_the_orc, uniq_grinder,
          uniq_duvessa
D:6:      black_bear_nest_1, layout_loops_ring,
          gammafunk_temple_overflow_elements, uniq_menkaure
D:7:      layout_loops_cross, nicolae_overflow_crystal_walls,
          kennysheep_generic_room_14
D:8:      kennysheep_blocky_hall, layout_cave_pools, lemuel_crystal_altar,
          overflow_temple_1_default, hangedman_little_slice_of_home,
          st_stairs_12, minmay_misc_feat_tower, grunt_potential, uniq_gastronok
D:9:      layout_loops_ring, elyvilon_altar_4, vehumet_altar_wand_db,
          basic_altar, uniq_joseph, uniq_psyche
D:10:     layout_roguey [special_room_orc], zombieorc2_lemuel,
          lightli_wizard_tower
D:11:     layout_loops_ring, david_lair_generic, serial_shops,
          nicolae_shop_trees
D:12:     minmay_the_grid_net [minmay_the_grid_paths, minmay_the_grid_plusring,
          minmay_the_grid_spin_star, minmay_the_grid_minigrid_medium,
          minmay_the_grid_spikes, minmay_the_grid_prize_big_room],
          layout_loops_cross, basic_altar, minivault_29
Lair:1:   layout_big_grid, portal_ice_cave_entry_ice_beasts,
          beast_lair_carwin_2, grunt_megastairs_2
IceCv:    ice_cave_small_giant

Skill      XL: |  1  2  3  4  5  6  7  8  9 10 11 12 13 |
---------------+----------------------------------------+-----
Long Blades    | 1 2 3 4 6 7 9 10 11 | 11.3
Axes           | 1 2 3 4 5 6 7 8 |  8.2
Maces & Flails | 1 2 3 4 5 6 7 8 |  8.2
Polearms       | 1 2 3 4 5 6 7 8 |  8.2
Staves         | 1 2 3 4 5 6 7 8 |  8.2
Slings         | 1 2 3 4 5 6 7 8 |  8.2
Bows           | 1 2 3 4 5 6 7 8 |  8.2
Crossbows      | 1 2 3 4 5 6 7 8 |  8.2
Throwing       | 1 2 3 4 5 6 7 8 |  8.2
Dodging        | 1 2 3 4 5 6 7 8 |  8.2
Stealth        | 1 2 3 4 5 6 7 8 |  8.2
Unarmed Combat | 1 2 3 4 5 6 7 8 |  8.2
Spellcasting   | 1 2 3 4 5 6 7 8 |  8.2
Invocations    | 1 2 3 4 5 6 7 8 9 |  9.0
Evocations     | 1 2 3 4 5 6 7 8 |  8.2
Conjurations   | 1 2 3 4 5 6 |  6.8
Hexes          | 1 2 3 4 5 6 |  6.8
Charms         | 1 2 3 4 5 6 |  6.8
Summonings     | 1 2 3 4 5 6 |  6.8
Necromancy     | 1 2 3 4 5 6 |  6.8
Translocations | 1 2 3 4 5 6 |  6.8
Transmutations | 1 2 3 4 5 6 |  6.8
Fire Magic     | 1 2 3 4 5 6 |  6.8
Ice Magic      | 1 2 3 4 5 6 |  6.8
Air Magic      | 1 2 3 4 5 6 |  6.8
Earth Magic    | 1 2 3 4 5 6 |  6.8
Poison Magic   | 1 2 3 4 5 6 |  6.8
Short Blades   | 5 6 7 8 9 |  9.5
Fighting       | 7 8 9 10 | 10.5
Armour         | 7 8 9 10 | 10.5
Shields        | 7 8 9 10 | 10.5

Action                   |  1- 3 |  4- 6 |  7- 9 | 10-12 | 13-15 || total
-------------------------+-------+-------+-------+-------+-------++-------
Melee: Rapier            |    69 |   279 |   327 |       |       ||   675
       Bite              |     7 |    35 |    82 |   358 |    84 ||   566
       Dagger            |       |       |   195 |  2096 |   560 ||  2851
Invok: Curse Item        |     2 |       |     1 |       |       ||     3
Evoke: Wand              |       |       |       |       |     4 ||     4
  Use: Potion            |       |       |     1 |     6 |       ||     7
       Scroll            |       |       |     1 |    22 |       ||    23
 Stab: Invisible         |       |       |       |     1 |       ||     1
  Eat: Chunk             |       |     7 |    12 |    27 |     8 ||    54
       Ration            |       |       |       |     2 |     1 ||     3
Armor: Scale mail        |    27 |    83 |    40 |       |       ||   150
       Chain mail        |       |       |    84 |       |       ||    84
       Plate armour      |       |       |     7 |   395 |   161 ||   563
       Skin              |       |       |       |    50 |       ||    50
Dodge: Dodged            |    17 |    76 |   105 |   243 |   146 ||   587
Block: Kite shield       |    42 |   134 |   200 |   706 |   279 ||  1361

Table legend:
 A = Non-vault XP
 B = Vault XP
 C = Vault XP percentage of total XP
 D = Non-vault monster count
 E = Vault monster count
 F = Vault count percentage of total count
                 A         B        C        D         E       F
            +---------+---------+-------+---------+---------+-------
      Total |   18453 |   25464 |  58.0 |     286 |     182 |  38.9
            +---------+---------+-------+---------+---------+-------
        D:1 |      20 |      11 |  35.5 |      12 |       4 |  25.0
        D:2 |      99 |      32 |  24.4 |      27 |       1 |   3.6
        D:3 |     107 |      76 |  41.5 |      29 |       2 |   6.5
        D:4 |     228 |     741 |  76.5 |      17 |       3 |  15.0
        D:5 |     941 |     414 |  30.6 |      24 |       3 |  11.1
        D:6 |    1584 |     293 |  15.6 |      31 |       2 |   6.1
        D:7 |     549 |      70 |  11.3 |      10 |       1 |   9.1
        D:8 |     792 |    3343 |  80.8 |      14 |      21 |  60.0
        D:9 |    2094 |     872 |  29.4 |      27 |       3 |  10.0
       D:10 |    3253 |    2261 |  41.0 |      25 |      63 |  71.6
       D:11 |    4434 |    1130 |  20.3 |      37 |       5 |  11.9
       D:12 |    3777 |   13320 |  77.9 |      30 |      58 |  65.9
     Lair:1 |     575 |     432 |  42.9 |       3 |       4 |  57.1
      IceCv |       0 |    2469 | 100.0 |       0 |      12 | 100.0
            +---------+---------+-------+---------+---------+-------
